 Dungeon Crawl Stone Soup version 0.29-a0-1027-gcd8c55af63 (webtiles) character file.

Game seed: 3978240607265174431

508 greenreed the Cudgeller (level 6, 0/55 HPs)
             Began as a Minotaur Berserker on Aug 12, 2022.
             Was a Believer of Trog.
             Succumbed to a killer bee's poison
             ... on level 3 of the Dungeon.
             The game lasted 00:09:36 (2460 turns).

greenreed the Cudgeller (Minotaur Berserker)        Turns: 2460, Time: 00:09:36

Health: 0/55       AC:  9    Str: 24    XL:     6   Next: 98%
Magic:  14/14      EV:  8    Int:  4    God:    Trog [**....]
Gold:   111        SH:  0    Dex:  9    Spells: 5/5 levels left

rFire   . . .      SeeInvis .   a - +0 mace
rCold   . . .      Faith    .   (no shield)
rNeg    . . .      Spirit   .   d - +0 chain mail
rPois   .          Reflect  .   (helmet restricted)
rElec   .          Harm     .   (no cloak)
rCorr   .          Rampage  .   (no gloves)
Will    ++...                   (no boots)
Stlth   ..........              (no amulet)
HPRegen 1.18/turn               n - ring of magical power
MPRegen 0.14/turn               (no ring)

@: lethally poisoned (0 -> 0), strong-willed, on berserk cooldown, regenerating,
slowed, very slow
A: horns 2, retaliatory headbutt
a: Renounce Religion, Berserk, Trog's Hand


You were on level 3 of the Dungeon.
You worshipped Trog.
Trog was pleased with you.
You visited 1 branch of the dungeon, and saw 4 of its levels.

You collected 111 gold pieces.

Inventory:

Hand Weapons
 a - a +0 mace (weapon)
 c - a +0 sling
Armour
 b - a +0 animal skin
 d - a +0 chain mail (worn)
Jewellery
 n - a ring of magical power (left hand)
Wands
 q - a wand of flame (28)
 s - a wand of polymorph (7)
Scrolls
 e - a scroll of brand weapon {unknown}
 f - a scroll of immolation {unknown}
 g - 3 scrolls of blinking {unknown}
 h - a scroll of magic mapping {unknown}
 j - a scroll of silence {unknown}
 l - a scroll of teleportation {unknown}
 m - a scroll of vulnerability {unknown}
 o - 2 scrolls of identify {unknown}
Potions
 i - 2 potions of might {unknown}
 k - 3 potions of curing {unknown}
 p - a potion of attraction {unknown}
 r - a potion of mutation {unknown}
 t - a potion of cancellation {unknown}


   Skills:
 + Level 4.8 Fighting
 + Level 7.8 Maces & Flails
 + Level 4.7 Armour
 + Level 2.5 Dodging
 + Level 0.1 Stealth


You had 5 spell levels left.
You didn't know any spells.
Your spell library was empty.

Dungeon Overview and Level Annotations

Branches:
Dungeon (4/15)
 Temple: D:4-7

Altars:
Hepliaklqana
Kikubaaqudgha
Xom

Shops:
D:2 *=(


Innate Abilities, Weirdness & Mutations

You have a pair of horns on your head.
You reflexively headbutt those who attack you in melee.


Message History

You miss the killer bee.
The killer bee is heavily wounded.
You feel sick. The killer bee stings you.
* * * LOW HITPOINT WARNING * * *
The killer bee stings you.
* * * LOW HITPOINT WARNING * * *
You barely miss the killer bee. Your headbutt misses the killer bee.
The killer bee is heavily wounded.
You feel sick. The killer bee stings you.
* * * LOW HITPOINT WARNING * * *
The killer bee stings you but does no damage.
The killer bee barely misses you. The killer bee stings you.
* * * LOW HITPOINT WARNING * * *
You bludgeon the killer bee!!
You kill the killer bee!
Trog accepts your kill.
You feel sick. The killer bee closely misses you.
You sock the killer bee!
The killer bee is almost dead.
You feel sick. The killer bee stings you.
* * * LOW HITPOINT WARNING * * *
The killer bee stings you.
* * * LOW HITPOINT WARNING * * *
You are lethally poisoned!
The killer bee poisons you!
You are too berserk!
You sock the killer bee!
You kill the killer bee!
Trog accepts your kill.
* * * LOW HITPOINT WARNING * * *
You feel sick.
* * * LOW HITPOINT WARNING * * *
You feel sick.
You feel a strong urge to attack something.
* * * LOW HITPOINT WARNING * * *
You feel sick.
You are no longer berserk.
You are exhausted.
You feel yourself slow down.
You die...

#......)#####.###.###.####..
#.......# #.# #..##.## #..
#<......#####.####.#...###..
#..............)........####
#...##...##..†####..........
##..#####.#.....####.........
##...# #........# #.........
#....# ##.......# #.........
###.##.######..@....###..##...##
#..........###†>†..###..........
#......................#.....###
##.....)....##..........##..###
# ............##..............#
...###########........#######
#### ##.....### ##...## #####


There were no monsters in sight!

Vanquished Creatures
  5 wights (D:3)
  2 killer bees (D:3)
  Natasha (thrice) (D:3)
  3 adders
  2 orcs
  3 bats
  8 endoplasms
  A giant cockroach (D:2)
  9 hobgoblins
  A jackal (D:2)
  3 quokkas
  3 ball pythons
  A frilled lizard (D:1)
  3 goblins
  6 kobolds
  7 rats
60 creatures vanquished.

Notes
Turn   | Place    | Note
-------+----------+-------------------------------------------
     0 | D:1      | greenreed the Minotaur Berserker began the quest for the
                  | Orb.
     0 | D:1      | Reached XP level 1. HP: 19/19 MP: 0/0
   206 | D:1      | Reached skill level 4 in Maces & Flails
   206 | D:1      | Reached XP level 2. HP: 25/27 MP: 1/1
   310 | D:1      | Noticed a shining eye
   313 | D:1      | Found a faded altar of an unknown god.
   315 | D:1      | Noticed a great orb of eyes
   315 | D:1      | Noticed a golden eye
   315 | D:1      | Noticed an eye of devastation
   687 | D:1      | You fall into a shaft and drop 1 floor!
   688 | D:2      | Found Mif Cas's Jewellery Boutique.
   688 | D:2      | Found Lobraare's General Store.
   920 | D:1      | Reached ** piety under Trog
   921 | D:1      | Reached XP level 3. HP: 33/33 MP: 2/2
  1255 | D:2      | Found an ancient bone altar of Kikubaaqudgha.
  1603 | D:2      | Found Suzorph's Weapon Shop.
  1769 | D:3      | Noticed Natasha
  1779 | D:3      | Killed Natasha
  1780 | D:3      | Reached skill level 5 in Maces & Flails
  1780 | D:3      | Reached XP level 4. HP: 17/41 MP: 3/3
  1798 | D:3      | Noticed Natasha
  1998 | D:3      | Killed Natasha
  2030 | D:3      | Noticed Natasha
  2040 | D:3      | Killed Natasha
  2041 | D:3      | Reached XP level 5. HP: 47/47 MP: 4/4
  2176 | D:3      | Found a hazy altar of Hepliaklqana.
  2177 | D:3      | Found a shimmering altar of Xom.
  2178 | D:3      | Noticed a spectral ugly thing
  2178 | D:3      | Noticed a yak
  2281 | D:3      | Reached skill level 6 in Maces & Flails
  2286 | D:3      | Reached XP level 6. HP: 53/53 MP: 5/5
  2338 | D:3      | Reached skill level 7 in Maces & Flails
  2456 | D:3      | HP: 4/82 [killer bee (5)]
  2458 | D:3      | HP: 1/82 [poisoned by a killer bee]
  2460 | D:3      | Succumbed to a killer bee's poison

Illustrated notes

Levels and vault maps discovered:
D:1:      sevenhm_arrival_forest_fort_large_2, layout_loops_ring,
          hellmonk_ecumenical_altar_watching_god, minivault_5,
          kennysheep_crisscross, minmay_misc_feat_rows, minmay_misc_feat_tower,
          lemuel_old_faithful
D:2:      minmay_diamond_boxcup, layout_rooms, serial_shops,
          nicolae_shop_crystal, shop, nicolae_shop_crystal, basic_altar
D:3:      layout_rooms, regret_index_temple_of_mockery, uniq_natasha
D:4:      layout_gridville, kennysheep_windowed_goal

Skill      XL: |  1  2  3  4  5  6 |
---------------+-------------------+-----
Maces & Flails | 4 5 6 7 |  7.8
Fighting       | 4 |  4.8
Armour         | 3 4 |  4.7
Dodging        | |  2.5
Stealth        | |  0.1

Action                   |  1- 3 |  4- 6 || total
-------------------------+-------+-------++-------
Melee: Mace              |    84 |    48 ||   132
       Headbutt          |     9 |     4 ||    13
Invok: Berserk           |       |     4 ||     4
       Trog's Hand       |       |     2 ||     2
Armor: Chain mail        |    44 |    18 ||    62
Dodge: Dodged            |    37 |    26 ||    63

Table legend: (Time is in decaauts)
 A = Elapsed time spent in this place.
 B = Non-inter-level travel time spent in this place.
 C = Inter-level travel time spent in this place.
 D = Time resting spent in this place.
 E = Time spent auto-exploring this place.
 F = Levels seen in this place.
 G = Mean time per level.
                   A        B        C        D        E       F      G
               +--------+--------+--------+--------+--------+-----+--------+
         Total |   2520 |   2394 |    126 |    224 |   1749 |   4 |  630.0 |
       Dungeon |   2520 |   2394 |    126 |    224 |   1749 |   4 |  630.0 |
               +--------+--------+--------+--------+--------+-----+--------+

Top non-repeatable levels by time:
     D:1: 1039 daAuts
     D:2: 699 daAuts
     D:3: 589 daAuts
     D:4: 192 daAuts
